Map: Port Aleksander LE

Players

EDER

  • Race: Terran Terran
  • League: Master
  • Spawn Location: 5:00

Mirotz - Winner!

  • Race: Protoss Protoss
  • League: Master
  • Spawn Location: 11:00

VOD

Have the link to the VOD?

Description

Time

  • Played on: May 13, 2019, 3:11 p.m.
  • Length: 18:58
Show
View Real Time Build Order
Export as new Build Order

EDER Terran 

Build Orders: Reaper Expand 

Get SALT Encoding   

  12  0:01  SCV  
  13  0:13  SCV  
  14  0:18  Supply Depot  
  14  0:25  SCV  
  15  0:39  SCV  
  15  0:41  Barracks  
  16  0:45  Refinery  
  16  0:51  SCV  
  17  1:03  SCV  
  18  1:16  SCV  
  19  1:28  Orbital Command  
  19  1:29  Reaper  
  20  1:46  Command Center  
  20  1:53  SCV  
  21  2:03  Supply Depot  
  21  2:07  SCV  
  22  2:09  Barracks Reactor  
  22  2:15  Refinery  
  22  2:19  SCV  
  23  2:24  Bunker  
  23  2:31  SCV, Factory  
  24  2:43  SCV  
  25  2:45  Marine x2  
  27  2:55  SCV  
  28  3:01  Orbital Command  
  28  3:03  Marine x2  
  30  3:08  SCV  
  31  3:16  Factory Tech Lab, Starport  
  31  3:20  SCV  
  31  3:21  Marine x2  
  31  3:26  SCV  
  35  3:32  SCV  
  36  3:38  SCV, Marine, Supply Depot  
  36  3:39  Marine  
  39  3:45  SCV  
  39  3:48  Cyclone  
  43  3:50  SCV  
  43  3:55  Starport Tech Lab  
  44  3:56  Marine x2  
  44  3:59  SCV  
  47  4:03  SCV  
  47  4:07  Supply Depot  
  48  4:11  SCV  
  48  4:14  Marine x2  
  48  4:15  SCV  
  52  4:23  SCV  
  53  4:27  SCV  
  53  4:28  Siege Tank  
  53  4:29  Raven  
  59  4:36  SCV  
  60  4:39  SCV  
  60  4:41  Marine  
  60  4:43  Supply Depot  
  62  4:45  Supply Depot  
  62  4:59  Supply Depot  
  62  5:01  Refinery, Command Center  
  62  5:04  SCV x2, Siege Tank, Marine  
  68  5:10  Supply Depot  
  68  5:11  Marine  
  68  5:12  Liberator  
  69  5:17  SCV x2  
  71  5:23  Supply Depot  
  71  5:24  Barracks x2  
  71  5:26  Marine  
  72  5:29  SCV x2, Marine  
  76  5:40  Supply Depot  
  76  5:41  SCV x2  
  77  5:49  Marine x2  
  79  5:53  SCV x2, Siege Tank  
  84  5:57  Refinery  
  80  6:19  SCV  
  80  6:20  SCV  
  80  6:21  Marine x2  
  80  6:23  Barracks Tech Lab  
  80  6:24  Starport Reactor, Marauder, Stimpack  
  80  6:25  Siege Tank  
  89  6:31  SCV  
  89  6:32  SCV  
  91  6:34  Orbital Command  
  91  6:37  Engineering Bay x2  
  91  6:38  Supply Depot  
  91  6:44  SCV x2  
  93  6:48  Supply Depot  
  93  6:49  Marine x2  
  95  6:56  SCV x2  
  95  6:57  Marauder x2  
  101  7:02  Combat Shield  
  101  7:03  Siege Tank  
  101  7:04  Medivac x2  
  101  7:07  SCV  
  101  7:08  SCV x2  
  111  7:14  Marine x2  
  110  7:18  Barracks, Marauder  
  110  7:19  Barracks, Terran Infantry Armor Level 1, Marauder  
  110  7:20  SCV x2  
  110  7:21  SCV  
  117  7:26  Terran Infantry Weapons Level 1  
  117  7:39  Orbital Command  
  117  7:41  Marine x2, Marauder  
  117  7:42  Marauder  
  117  7:43  SCV x2  
  125  7:52  Supply Depot  
  125  7:53  Supply Depot  
  125  7:55  SCV x2, Refinery  
  127  7:59  Refinery  
  127  8:03  Marine x2, Marauder x2  
  127  8:05  Siege Tank  
  136  8:07  SCV x2  
  136  8:08  SCV  
  139  8:19  Supply Depot  
  139  8:20  Supply Depot  
  139  8:21  Supply Depot  
  139  8:22  Armory  
  139  8:28  Missile Turret  
  139  8:30  Marine, Supply Depot  
  139  8:31  Barracks Tech Lab, Supply Depot x2, Barracks Reactor, Marine, Marauder x2  
  139  8:32  Concussive Shells  
  139  8:34  Medivac  
  147  8:36  Medivac  
  147  8:40  Armory  
  149  8:41  SCV x2  
  149  8:42  SCV  
  151  8:55  SCV  
  151  8:56  SCV x2  
  151  8:59  Marine x2, Marauder x3  
  162  9:04  Supply Depot x2  
  161  9:12  Marine x2  
  161  9:13  Medivac x2  
  165  9:18  Supply Depot x2  
  165  9:20  Supply Depot  
  165  9:21  Marauder x2  
  168  9:32  Marine  
  168  9:33  Drilling Claws, Marine x3, Marauder  
  168  9:34  Widow Mine, Terran Infantry Weapons Level 2  
  168  9:35  Terran Infantry Armor Level 2  
  176  9:42  Marauder  
  178  9:46  Marine  
  178  9:49  Medivac x2  
  178  9:50  Marine  
  178  9:52  Barracks  
  184  9:53  Barracks  
  175  10:07  Marine x3, Marauder x3  
  175  10:08  Marine  
  175  10:13  Missile Turret  
  177  10:25  Marine x2  
  177  10:26  Missile Turret  
  179  10:28  Marauder x2  
  179  10:31  Missile Turret  
  179  10:32  Command Center  
  179  10:34  Ghost Academy  
  179  10:36  Terran Ship Weapons Level 1, Terran Vehicle And Ship Armor Level 1  
  179  10:41  SCV x3  
  182  10:45  Missile Turret  
  182  10:54  Missile Turret  
  184  11:05  Barracks Tech Lab x2  
  184  11:08  Factory  
  184  11:10  Medivac x2  
  186  11:17  Factory Reactor  
  186  11:20  Ghost x3  
  186  11:22  Marine x4  
  196  11:26  Command Center  
  196  11:40  Ghost x2  
  200  11:49  Planetary Fortress  
  200  11:51  Missile Turret  
  159  12:19  Marauder x3  
  142  12:29  Marauder x2, Marine x2  
  127  12:30  Marine x2  
  110  12:40  Marine, Marauder x2  
  113  12:47  Factory Reactor, Medivac, Marine x2, Widow Mine x2  
  113  12:48  Marine, Medivac  
  113  12:51  Marauder x2  
  124  12:55  Marine  
  124  12:56  Missile Turret  
  127  12:58  Marauder  
  127  13:02  Marauder x2  
  127  13:05  Marine  
  132  13:07  Refinery  
  132  13:08  Widow Mine x2, Refinery  
  132  13:11  Marine x2  
  132  13:12  Marauder x2  
  142  13:13  Terran Infantry Armor Level 3, Terran Infantry Weapons Level 3, Marine  
  142  13:14  Terran Ship Weapons Level 2  
  142  13:16  Terran Vehicle And Ship Armor Level 2  
  142  13:17  Viking x2  
  148  13:20  Marauder  
  148  13:23  Marauder  
  148  13:24  Widow Mine x2  
  148  13:25  Starport  
  154  13:34  Planetary Fortress  
  154  13:37  Refinery  
  154  13:38  Refinery  
  154  13:47  Viking x2  
  154  13:48  Missile Turret  
  158  13:50  Missile Turret  
  158  13:58  Sensor Tower  
  158  13:59  Marauder x2, Marine  
  158  14:00  Marauder x2, Marine x3  
  158  14:01  Marauder  
  158  14:02  Missile Turret  
  169  14:21  Marauder  
  148  14:36  Marauder x2  
  118  14:41  Widow Mine  
  118  14:42  Widow Mine x3  
  118  14:43  Marine x3  
  118  14:44  Marauder, Marine x2  
  119  14:48  Orbital Command  
  111  14:55  Marine  
  111  14:57  Marine x2  
  110  15:01  Marine x4  
  110  15:02  Marauder  
  110  15:05  Marauder  
  117  15:13  Marauder  
  102  15:15  SCV, Marine, Marauder  
  102  15:19  SCV, Marine x4  
  105  15:22  SCV  
  105  15:23  SCV  
  105  15:24  Marauder  
  105  15:26  Marauder  
  105  15:27  Viking  
  99  15:31  SCV  
  99  15:33  Marauder  
  99  15:34  SCV, Marine  
  105  15:37  Marauder, Marine x2  
  100  15:43  Viking x2  
  100  15:44  SCV  
  100  15:45  Marauder  
  100  15:48  Marauder  
  100  15:49  Marine  
  99  15:53  Marauder  
  99  15:54  Marauder  
  99  15:56  Marine  
  96  15:57  Viking  
  96  15:58  Marauder  
  90  16:06  Marauder  
  90  16:07  Marine  
  90  16:09  Marauder  
  81  16:11  SCV x2  
  81  16:14  Widow Mine x2, Marine  
  81  16:16  Widow Mine, Marauder  
  83  16:24  Marine  
  75  16:27  Marine  
  71  16:34  Marine x2  
  71  16:37  Marine, Medivac  
  66  16:42  Marine  
  66  16:45  Marine  
  60  16:50  Widow Mine  
  60  16:51  Widow Mine  
  60  16:52  Marine x2  
  62  16:55  Marauder  
  62  17:00  Marine  
  57  17:03  Marauder  
  57  17:08  SCV x2  
  55  17:10  Marine x2  
  55  17:13  Widow Mine  
  55  17:15  Medivac  
  59  17:16  Marauder  
  59  17:18  Marine  
  58  17:25  Marauder  
  58  17:28  Marine x2  
  53  17:36  Marine  
  52  17:38  Marine  
  52  17:39  SCV  
  51  17:45  Marine  
  51  17:46  Marauder  
  54  17:56  Marauder  
  55  18:04  Widow Mine  
Show
View Real Time Build Order
Export as new Build Order

Mirotz Protoss - Winner!

Build Orders: 1 Gate Expand, Blink Stalkers 

Get SALT Encoding   

  12  0:02  Probe  
  13  0:14  Probe  
  13  0:20  Pylon  
  14  0:26  Probe  
  15  0:38  Gateway, Probe  
  16  0:48  Probe  
  16  0:50  Assimilator  
  16  0:56  Probe  
  18  1:05  Probe  
  19  1:17  Probe  
  20  1:25  Nexus  
  20  1:35  Cybernetics Core  
  20  1:38  Probe  
  21  1:50  Probe  
  21  1:53  Pylon  
  22  2:02  Adept, Probe  
  22  2:04  Assimilator  
  23  2:14  Warp Gate  
  23  2:15  Probe  
  26  2:27  Probe  
  27  2:32  Adept  
  27  2:35  Probe  
  27  2:36  Probe  
  29  2:43  Probe  
  29  2:44  Probe  
  33  2:52  Twilight Council, Probe  
  33  2:53  Probe  
  35  3:02  Sentry  
  35  3:04  Probe  
  35  3:05  Probe  
  39  3:12  Pylon  
  39  3:13  Probe  
  39  3:17  Probe  
  39  3:18  Blink  
  41  3:22  Probe  
  42  3:29  Probe  
  42  3:30  Probe  
  42  3:33  Gateway  
  44  3:35  Gateway  
  44  3:41  Probe  
  44  3:46  Probe  
  46  3:53  Probe  
  46  3:54  Forge  
  47  3:57  Pylon  
  47  3:58  Probe  
  48  4:03  Assimilator  
  48  4:04  Stalker  
  50  4:11  Probe  
  51  4:17  Pylon, Robotics Facility  
  51  4:18  Probe  
  51  4:23  Probe  
  53  4:31  Protoss Ground Weapons Level 1  
  51  4:32  Stalker x3  
  51  4:37  Probe  
  56  4:55  Stalker, Nexus  
  56  4:56  Stalker x2  
  61  5:03  Warp Prism  
  61  5:05  Probe  
  62  5:09  Charge  
  62  5:10  Probe  
  65  5:20  Sentry  
  67  5:21  Pylon  
  67  5:22  Pylon  
  67  5:34  Probe  
  68  5:39  Observer, Probe  
  68  5:40  Zealot x2  
  74  5:46  Gateway  
  74  5:48  Gateway  
  74  5:49  Gateway  
  74  5:50  Probe  
  74  5:53  Probe  
  76  6:04  Zealot  
  76  6:05  Zealot x2  
  76  6:06  Immortal  
  76  6:07  Probe  
  79  6:13  Probe, Protoss Ground Weapons Level 2  
  79  6:14  Probe  
  77  6:29  Zealot x3  
  83  6:34  Gateway  
  83  6:36  Gateway  
  83  6:41  Assimilator  
  83  6:48  Zealot x3  
  89  6:56  Templar Archives, Probe  
  89  6:57  Stalker x3  
  96  7:02  Probe  
  96  7:04  Pylon  
  97  7:11  Zealot, Sentry  
  101  7:17  Assimilator  
  101  7:19  Assimilator  
  101  7:21  Pylon  
  101  7:22  Probe x3  
  104  7:23  Psionic Storm  
  104  7:26  Gateway  
  104  7:29  Gateway  
  104  7:34  Probe  
  105  7:37  High Templar  
  107  7:47  High Templar, Zealot x3  
  107  7:48  Zealot  
  117  7:57  Pylon x2  
  117  7:59  Pylon x2  
  117  8:09  Nexus  
  117  8:11  Pylon  
  117  8:12  Probe  
  117  8:15  Probe x2  
  117  8:19  High Templar x2  
  124  8:20  Probe  
  124  8:23  Archon  
  125  8:27  Probe  
  125  8:28  Pylon, Probe  
  125  8:32  Robotics Bay  
  127  8:37  Robotics Facility  
  127  8:38  Photon Cannon  
  127  8:39  Probe x2  
  127  8:40  Warp Prism  
  129  8:43  Zealot  
  129  8:44  High Templar, Zealot  
  129  8:45  Zealot  
  139  8:52  Probe  
  139  8:57  High Templar, Zealot  
  139  8:58  Zealot  
  145  9:04  Protoss Ground Weapons Level 3  
  145  9:05  Zealot x3  
  141  9:18  Probe  
  140  9:26  Pylon  
  140  9:29  Stalker x4  
  140  9:30  Zealot x2  
  144  9:37  Probe  
  143  9:39  Probe  
  144  9:46  Zealot  
  144  9:47  Zealot  
  144  9:48  Colossus  
  152  10:01  Zealot x5  
  152  10:02  Zealot  
  160  10:09  Zealot  
  161  10:27  Nexus  
  157  10:31  Pylon x3  
  157  10:32  Pylon  
  157  10:34  Pylon  
  155  10:41  Disruptor x2  
  155  10:49  Probe x2  
  163  10:51  Extended Thermal Lance  
  163  10:53  Assimilator  
  163  10:54  Assimilator  
  163  11:05  Colossus, Stargate  
  169  11:31  Colossus  
  167  11:38  Nexus  
  167  11:39  Pylon  
  165  11:44  Zealot x3  
  165  11:45  Zealot x2  
  181  11:58  Colossus  
  179  12:10  Probe  
  150  12:21  Probe  
  150  12:22  Zealot x5  
  127  12:27  Zealot x2  
  117  12:34  Colossus  
  123  12:41  Colossus  
  123  12:43  Stalker x5  
  129  12:58  Probe x2  
  133  12:59  Probe  
  133  13:02  High Templar  
  133  13:03  High Templar  
  138  13:06  Protoss Ground Armor Level 1  
  138  13:09  Probe  
  138  13:10  Probe  
  140  13:17  Probe  
  140  13:18  Probe x2  
  142  13:21  Pylon  
  142  13:22  Probe  
  142  13:25  Gateway  
  144  13:28  Gateway  
  144  13:34  High Templar x2  
  144  13:39  High Templar x2, Nexus  
  144  13:40  Zealot  
  144  13:41  Pylon  
  154  13:50  Warp Prism  
  154  13:51  Observer  
  157  14:06  Probe  
  157  14:09  Zealot x5  
  160  14:13  Observer  
  156  14:18  Probe  
  156  14:19  Stalker x2  
  156  14:23  Archon  
  159  14:35  Archon  
  159  14:38  Zealot x5, Warp Prism  
  139  14:41  Observer  
  128  14:47  Probe  
  128  14:48  Probe  
  128  14:51  Observer  
  128  14:55  High Templar x2  
  128  14:59  Observer  
  132  15:02  Zealot x2  
  132  15:03  Zealot x3  
  138  15:14  Observer  
  126  15:16  Stalker x2  
  126  15:23  Stalker  
  126  15:25  Protoss Ground Armor Level 2  
  128  15:29  Colossus x2  
  128  15:30  Zealot  
  128  15:31  Zealot x5  
  137  15:46  Zealot x3  
  128  16:04  Zealot x6  
  122  16:11  Zealot x2  
  122  16:12  Zealot  
  122  16:16  Probe  
  126  16:22  Colossus  
  126  16:27  Zealot x3  
  130  16:35  Adept x2  
  134  16:45  Stalker  
  134  16:46  Stalker  
  129  16:51  Stalker  
  129  16:53  High Templar  
  127  17:05  Observer  
  121  17:11  Zealot x2  
  121  17:12  Zealot x2  
  119  17:16  Zealot x2  
  121  17:23  Zealot  
  119  17:39  High Templar x4  
  120  17:52  Stargate  
  120  17:56  Nexus  
  114  18:29  Zealot x3  
  114  18:30  Zealot x4  
  128  18:38  Stalker x2  
  122  18:51  Zealot x3  
  122  18:54  High Templar x2  
Tags
 
Add a new tag
Caveats
  • Supply blocks, unpowered buildings, or Contaminate may cause inaccurate times.
  • Supply counts are checked every 10 seconds.